AoeStats
← Atanar Klitza

Arabia

508153646Analyzed
3v3 RM · 12d ago on Sep 21, 2026· 52m 58s· 6 players
Game mode
Random Map
Map size
Normal (6 player)
Population
200
Speed
Normal
Resources
Standard
Victory
Conquest
Starting age
Dark Age
Ending age
Imperial Age
RankedLock teamsTeams togetherTeam positionsShared explorationLock speedFull tech treeHidden civsTurbo modeCheats
Victory
Defeat
🇨🇴 Poles · Colombia
774
+14
🇩🇪 Wei · Germany
753
+15
🇻🇳 Gurjaras · Vietnam
743
+32
🇲🇽 Byzantines · Mexico
761
-16
🇲🇽 Franks · Mexico
720
-14
🇲🇽 Goths · Mexico
701
-14
karzmoy
0:41 Loom
12:37 Feudal Age
16:45 Man-at-Arms
19:07 Forging
24:40 Castle Age
25:58 Wheelbarrow
25:06 Pikeman
33:33 Town Watch
34:02 Elite Skirmisher
34:07 Long Swordsman
39:54 Imperial Age
40:27 Hand Cart
43:27 Squires
43:52 Conscription
Atanar Klitza
0:40 Loom
14:06 Feudal Age
14:34 Double-Bit Axe
14:13 Man-at-Arms
17:12 Wheelbarrow
18:00 Town Watch
18:09 Gold Mining
23:36 Fletching
23:52 Scale Barding Armor
24:00 Forging
24:17 Stone Mining
24:44 Scale Mail Armor
28:23 Castle Age
26:58 Padded Archer Armor
30:01 Chain Barding Armor
30:18 Iron Casting
30:00 Husbandry
30:33 Bow Saw
32:12 Hand Cart
37:28 Town Patrol
42:53 Gold Shaft Mining
42:17 Elite Skirmisher
51:09 Bodkin Arrow
51:32 Leather Archer Armor
Azteca Beleren
10:44 Loom
12:29 Feudal Age
28:12 Castle Age
26:30 Double-Bit Axe
26:27 Horse Collar
26:41 Gold Mining
28:20 Padded Archer Armor
28:11 Fletching
28:35 Elite Skirmisher
29:23 Thumb Ring
29:25 Pikeman
32:46 Wheelbarrow
32:27 Bow Saw
32:20 Heavy Plow
33:46 Hand Cart
34:20 Bodkin Arrow
34:41 Leather Archer Armor
38:35 Imperial Age
36:41 Forging
36:32 Scale Mail Armor
44:37 Chemistry
44:02 Ballistics
43:48 Onager
49:35 Bombard Tower
Rogebeto
7:37 Loom
11:00 Feudal Age
11:47 Double-Bit Axe
11:45 Horse Collar
14:26 Bloodlines
16:19 Wheelbarrow
18:11 Scale Barding Armor
23:56 Castle Age
24:14 Stone Mining
24:14 Gold Mining
24:27 Crossbowman
25:25 Thumb Ring
25:01 Light Cavalry
29:53 Hand Cart
30:37 Squires
33:34 Bow Saw
34:01 Stone Shaft Mining
33:30 Heavy Plow
34:01 Fletching
34:12 Padded Archer Armor
34:15 Scale Mail Armor
34:50 Ballistics
34:28 Murder Holes
34:43 Masonry
34:14 Treadmill Crane
34:34 Pikeman
34:59 Arson
37:08 Town Watch
39:05 Szlachta Privileges
44:48 Imperial Age
42:19 Town Patrol
43:31 Bodkin Arrow
43:51 Leather Archer Armor
43:52 Chain Mail Armor
44:56 Arbalester
46:17 Elite Obuch
47:34 Hoardings
46:29 Sappers
48:33 Winged Hussar
49:13 Husbandry
50:56 Lechitic Legacy
50:07 Sappers
50:58 Conscription
Walls vs Zombies 2009
7:50 Loom
10:04 Feudal Age
10:59 Double-Bit Axe
10:58 Horse Collar
14:12 Wheelbarrow
18:58 Castle Age
17:25 Fletching
17:44 Gold Mining
20:01 Bow Saw
19:51 Heavy Plow
19:18 Light Cavalry
20:11 Bloodlines
20:48 Hand Cart
21:04 Stone Mining
23:52 Husbandry
25:30 Bodkin Arrow
26:50 Town Watch
27:43 Padded Archer Armor
28:07 Ballistics
31:56 Imperial Age
31:56 Gold Shaft Mining
31:57 Stone Shaft Mining
32:03 Treadmill Crane
33:14 Crop Rotation
32:45 Bracer
33:54 Chemistry
33:48 Ming Guang Armor
34:59 Leather Archer Armor
35:11 Parthian Tactics
34:52 Thumb Ring
37:10 Ring Archer Armor
38:57 Heavy Hei Guang Cavalry
39:43 Scale Barding Armor
39:48 Forging
41:17 Chain Barding Armor
42:34 Conscription
42:15 Tuntian
43:00 Iron Casting
43:05 Hoardings
42:43 Masonry
42:35 Scale Mail Armor
41:57 Pikeman
43:02 Squires
42:27 Hussar
45:53 Blast Furnace
45:08 Chain Mail Armor
49:13 Murder Holes
48:41 Halberdier
48:41 Elite Skirmisher
48:45 Capped Ram
52:12 Fervor
52:23 Sanctity
51:36 Siege Ram
do.minhdes
19:14 Feudal Age
21:39 Wheelbarrow
20:50 Town Watch
21:46 Man-at-Arms
24:00 Arson
28:01 Castle Age
26:56 Bloodlines
29:00 Padded Archer Armor
28:51 Fletching
29:02 Scale Mail Armor
29:08 Scale Barding Armor
29:14 Forging
32:56 Horse Collar
33:40 Leather Archer Armor
33:21 Bodkin Arrow
34:02 Iron Casting
33:42 Chain Mail Armor
33:48 Chain Barding Armor
33:31 Husbandry
32:52 Light Cavalry
33:00 Elite Skirmisher
34:17 Crossbowman
36:34 Murder Holes
36:51 Careening
37:05 Sanctity
42:40 Hand Cart
42:26 Town Patrol
42:12 Loom
42:33 Heavy Plow
42:36 Devotion
42:30 Guard Tower
42:51 Fortified Wall
42:52 Clinker Construction
42:25 Treadmill Crane
44:36 Long Swordsman
46:04 Heated Shot
46:35 Ballistics
46:26 Masonry
46:15 Herbal Medicine
46:31 Fervor
48:24 Thumb Ring
51:38 Atonement
Connection lost

Rejoining the realm…

Still unreachable

The connection could not be restored.

Session expired

The server has moved on; the page needs a fresh start.